 Seeded DCSS version 0.30-a0-578-gdee14c521f (webtiles) character file.

Game seed: 5150055783767363670 (custom seed)

20072 greenreed the Basher (level 12, -4/94 HPs)
             Began as a Demonspawn Fighter on Jan 1, 2023.
             Was a High Priest of Jiyva.
             Slain by a red devil
             ... wielding a +0 trident
             ... summoned by an obsidian statue
              (12 damage)
             ... in a Gauntlet.
             The game lasted 00:28:29 (10623 turns).

greenreed the Basher (Demonspawn Fighter)          Turns: 10623, Time: 00:28:29

Health: -4/94      AC:  9    Str: 21    XL:     12   Next: 42%
Magic:  9/12       EV: 16    Int: 10    God:    Jiyva [*****.]
Gold:   866        SH:  0    Dex: 13    Spells: 11/11 levels left

rFire   . . .      SeeInvis .    H - +3 morningstar (heavy)
rCold   . . .      Faith    .    (no shield)
rNeg    . . .      Spirit   .    b - +0 scale mail
rPois   .          Reflect  .    (no helmet)
rElec   +          Harm     .    (no cloak)
rCorr   +          Rampage  .    (gloves unavailable)
Will    .....      Clarity  +    (no boots)
Stlth   +          NoTele   +    (no amulet)
HPRegen 2.59/turn                (no ring)
MPRegen 0.58/turn                (no ring)

@: slimy, studying Dodging
A: repulsion field 2, demonic guardian 1, powered by death 2, demonic touch 3,
clarity, passive freeze, regeneration 1, electricity resistance, tendrils,
subdued magic 1
a: Renounce Religion, Oozemancy, Slimify


You were in a Gauntlet.
You worshipped Jiyva.
Jiyva was extremely pleased with you.
You visited 2 branches of the dungeon, and saw 14 of its levels.
You also visited: Sewer, Ossuary, Bailey and Gauntlet.

You collected 956 gold pieces.
You spent 90 gold pieces at shops.

Inventory:

Hand Weapons
 H - a +3 heavy morningstar (weapon)
Missiles
 D - a curare-tipped dart (quivered)
 L - a throwing net
Armour
 b - a +0 scale mail (worn)
 c - a +0 buckler
Jewellery
 a - an amulet of magic regeneration
 i - a ring of magical power
 v - a ring of positive energy
 y - a ring of wizardry
 G - a ring of ice
 N - an amulet of guardian spirit
 P - a ring of magical power
 Q - a ring of positive energy
Wands
 q - a wand of mindburst (21)
 t - a wand of quicksilver (4)
 M - a wand of roots (5)
 O - a wand of charming (3)
Scrolls
 e - 5 scrolls of teleportation
 h - 3 scrolls of fog
 m - 2 scrolls of immolation
 n - a scroll of amnesia
 p - a scroll of magic mapping
 r - 2 scrolls of enchant armour
 s - 2 scrolls of blinking
 E - a scroll of silence
 F - a scroll of torment {unknown}
 J - 2 scrolls of summoning {unknown}
 K - 2 scrolls of enchant weapon
Potions
 d - 3 potions of might
 f - a potion of magic {unknown}
 g - 6 potions of brilliance
 j - 4 potions of resistance
 k - 4 potions of degeneration
 l - 3 potions of attraction {unknown}
 o - a potion of ambrosia {unknown}
 u - 4 potions of haste
 w - 4 potions of curing
 x - 3 potions of lignification {unknown}
 z - 2 potions of mutation
 A - 3 potions of flight
 B - 2 potions of berserk rage {unknown}
 C - a potion of cancellation


   Skills:
 + Level 8.7 Fighting
 + Level 12.3 Maces & Flails
 + Level 11.1 Armour
 + Level 7.0 Dodging
 + Level 2.7 Stealth
 - Level 3.4 Shields


You had 11 spell levels left.
You didn't know any spells.
Your spell library contained the following spells:

 Spells                   Type           Power      Damage    Failure   Level
 Summon Small Mammal      Summ           0%         N/A       58%         1
 Summon Guardian Golem    Hex/Summ       0%         N/A       92%         3
 Anguish                  Hex/Necr       0%         N/A       100%        4
 Enfeeble                 Hex            0%         N/A       100%        7
 Orb of Destruction       Conj           0%         9d5       100%        7
 Spellforged Servitor     Conj/Summ      0%         N/A       100%        7


Dungeon Overview and Level Annotations

Branches:
Dungeon (13/15)            Temple (1/1) D:6            Lair (0/5) D:8
    Orc (0/2) D:10          Sewer (visited)         Ossuary (visited)
 Bailey (visited)         Gauntlet (1/1)
 Vaults: D:13-14

Altars:
Ashenzari
Cheibriados
Dithmenos
Fedhas
Gozag
Hepliaklqana
Kikubaaqudgha
Makhleb
Nemelex Xobeh
Okawaru
Qazlal
Ru
Sif Muna
Trog
Uskayaw
Vehumet
Wu Jian
Xom
Yredelemnul

Shops:
D:1 [   D:4 !   D:7 *   D:10 (   D:13 *

Annotations:
D:13 1 transporter Gauntlet 7 transporters, exclusion: obsidian statue


Innate Abilities, Weirdness & Mutations

You are surrounded by a moderate repulsion field. (EV +3)
A weak demonic guardian rushes to your aid.
You regenerate health from kills.
Your touch may irresistibly damage your foes and sap their willpower.
You possess an exceptional clarity of mind.
A frigid envelope surrounds you and freezes all who hurt you.
Your natural rate of healing is unusually fast.
You are resistant to electric shocks. (rElec)
You are covered in slimy tendrils that may disarm your opponents.
Your spells are a little easier to cast, but a little less powerful.


Message History

The red devil hits your hellwing with a +0 trident!
Your hellwing is skewered by barbed spikes.
The white imp closely misses your hellwing.
Your white imp gestures at the shadow imp.
The puff of frost misses the shadow imp.
Your hellwing barely misses the red devil.
Your hellwing completely misses the red devil.
The obsidian statue slips into the dungeon's darkness for a moment.
The obsidian statue's eyes glow briefly.
The obsidian statue attempts to bespell you!
You are unaffected.
You puncture the obsidian statue!
The obsidian statue is heavily damaged.
The sixfirhy hits your hellwing. The sixfirhy shocks your hellwing!
Your hellwing dies!
Your hellwing disappears in a puff of smoke!
The shadow imp hits your white imp.
The iron imp hits you but does no damage.
The iron imp resists.
The iron imp is very cold.
The iron imp is moderately wounded.
Your white imp gestures at the shadow imp.
The puff of frost hits the shadow imp.
The shadow imp resists.
The shadow imp hits your white imp.
You bludgeon the obsidian statue!!
The obsidian statue is almost destroyed.
The iron imp hits you but does no damage.
The iron imp completely resists.
Your white imp gestures at the shadow imp.
The puff of frost hits the shadow imp.
The shadow imp resists.
The hellwing swoops through the air toward you!
The hellwing hits you!
* * * LOW HITPOINT WARNING * * *
The hellwing is very cold.
The hellwing is lightly wounded.
The hellwing hits you.
* * * LOW HITPOINT WARNING * * *
The hellwing is very cold.
The hellwing is moderately wounded.
The red devil hits you from afar with a +0 trident!
You die...

#.........#..#xx...x
##..#.........#..#######
.#..###########..#......
##..#.........#..#######
^#..#.^^###...#..#G#G#..
.#..#=3 #....#..##..#.#
.#..#4# #©.#.#..#...#.#
.#©©#©8######.#©©####©.#
R#..#(#@4#..#.#..#.....#
.#..#.5.5#..^.#..#.####.
.#..#.^5###^..#..#......
##..#....^....#..#######
.#..###########..#......
##..#J........#..#######
Z#..#.........#..#......
.#..#..##§##..#..#.###.#
.#..#.. ###≈..#..#.###††


You could see an obsidian statue, a hellwing (summoned), a sixfirhy (summoned),
an efreet, a red devil (summoned), an iron imp (summoned), a shadow imp
(summoned, distracted, ally target), a boggart simulacrum, a neutral jelly
(wandering) (fellow slime) and a friendly white imp (summoned).

Vanquished Creatures
  Kirke (D:12)
  Josephine (D:11)
  A hydra (D:12)
  A boulder beetle (D:13)
  3 two-headed ogres
  A tengu warrior (D:11)
  Sonja (D:13)
  An orc knight (Bailey)
  An orc sorcerer (Bailey)
  2 manticores (D:12)
  A cyclops (D:12)
  A moth of wrath (Gauntlet)
  A gargoyle (D:13)
  A rime drake (shapeshifter) (D:13)
  A kobold demonologist (Bailey)
  A polar bear (D:12)
  A troll (D:11)
  A meliai (D:13)
  2 shadows (D:10)
  A vampire (D:12)
  4 wraiths (D:11)
  A water elemental (D:12)
  A wyvern (D:10)
  7 yaks
  2 hogs (D:12)
  3 steam dragons
  Grum (D:9)
  4 vampire mosquitoes (D:12)
  An acid dragon (D:10)
  2 water moccasins
  A meliai simulacrum (D:13)
  12 orc warriors
  2 sky beasts
  3 centaurs
  5 wolves
  2 phantoms
  2 kobold brigands
  4 bullfrogs
  3 necrophages
  A gnoll sergeant (D:7)
  A scorpion (D:6)
  4 wights (D:8)
  12 killer bees
  A howler monkey (D:4)
  2 electric eels (Bailey)
  7 hounds
  2 orc priests
  A jelly (Sewer)
  2 iguanas
  Jessica (D:2)
  4 orc wizards
  6 mummies
  3 gnolls (Bailey)
  9 adders
  2 river rats (Sewer)
  2 white imps
  An ufetubus (D:13)
  3 worms
  34 orcs
  11 ball pythons
  3 bats
  16 endoplasms
  4 giant cockroaches
  7 goblins
  14 hobgoblins
  11 kobolds
  6 quokkas
  3 frilled lizards
  2 gnoll zombies (Ossuary)
  4 hobgoblin zombies
  A kobold zombie (Ossuary)
  2 orc zombies (Ossuary)
  4 rats
270 creatures vanquished.

Vanquished Creatures (collateral kills)
  A boulder beetle (D:11)
  Nergalle (D:11)
  2 cyclopes
  A troll (D:11)
  A centaur simulacrum (D:13)
  An orc warrior (Bailey)
  An ice beast (D:6)
  A wolf (D:9)
  A kobold brigand (D:6)
  A killer bee (D:7)
  A jelly (Sewer)
  An iguana (D:5)
  3 mummies (Ossuary)
  3 orcs
  3 goblins
  A hobgoblin (D:4)
  6 kobolds
  A frilled lizard (Sewer)
30 creatures vanquished.

Vanquished Creatures (others)
  A polar bear (D:13)
  6 slime creatures (D:13)
  2 hogs (D:13)
  A steam dragon (D:8)
  A wolf (D:13)
  A scorpion (D:5)
  A howler monkey (D:5)
  An electric eel (Bailey)
  12 jellies
  An orc priest (D:8)
  An orc wizard (D:8)
  3 gnolls (Bailey)
  2 white imps (D:13)
  An ufetubus (D:13)
  6 orcs
  4 goblins (Bailey)
  A hobgoblin zombie (D:5)
  A kobold (D:10)
46 creatures vanquished.

Grand Total: 346 creatures vanquished

Notes
Turn   | Place    | Note
-------+----------+-------------------------------------------
     0 | D:1      | greenreed the Demonspawn Fighter began the quest for the
                  | Orb.
     0 | D:1      | Reached XP level 1. HP: 18/18 MP: 1/1
   288 | D:1      | Found Asoemilu's Antique Armour Boutique.
   463 | D:1      | Gained mutation: You are surrounded by a mild repulsion
                  | field. (EV +2) [demonic ancestry]
   463 | D:1      | Reached XP level 2. HP: 24/24 MP: 2/2
   874 | D:2      | Noticed Jessica
   882 | D:2      | Killed Jessica
   883 | D:2      | Reached skill level 2 in Maces & Flails
   883 | D:2      | Gained mutation: A weak demonic guardian rushes to your
                  | aid. [demonic ancestry]
   883 | D:2      | Reached XP level 3. HP: 22/29 MP: 3/3
  1428 | D:2      | Gained mutation: You regenerate a little health from kills.
                  | [demonic ancestry]
  1428 | D:2      | Reached XP level 4. HP: 34/35 MP: 4/4
  1705 | D:3      | Reached skill level 3 in Maces & Flails
  1716 | D:3      | Reached XP level 5. HP: 36/41 MP: 5/5
  2316 | D:4      | Noticed a phantom
  2349 | D:4      | Killed a phantom
  2350 | D:4      | Reached skill level 4 in Maces & Flails
  2350 | D:4      | Gained mutation: You regenerate health from kills. [demonic
                  | ancestry]
  2350 | D:4      | Reached XP level 6. HP: 24/48 MP: 6/6
  2516 | D:4      | Found Fynantaq's Distillery.
  2537 | D:4      | Bought a potion of degeneration for 10 gold pieces
  2537 | D:4      | Bought a potion of curing for 30 gold pieces
  2537 | D:4      | Bought a potion of heal wounds for 50 gold pieces
  2936 | D:5      | Entered Level 5 of the Dungeon
  2992 | D:5      | Found a sand-covered staircase.
  2998 | D:5      | Reached skill level 5 in Maces & Flails
  3000 | Ossuary  | Entered an ossuary
  3082 | Ossuary  | Gained mutation: Your touch may inflict minor irresistible
                  | damage on your foes. [demonic ancestry]
  3082 | Ossuary  | Reached XP level 7. HP: 39/53 MP: 7/7
  3292 | D:5      | Found a glowing drain.
  3306 | Sewer    | Entered a sewer
  3474 | Sewer    | Found a viscous altar of Jiyva.
  3594 | Sewer    | Became a worshipper of Jiyva Jecsismu the Shapeless
  3927 | D:5      | Reached skill level 1 in Dodging
  4138 | D:5      | Reached * piety under Jiyva
  4420 | D:5      | Found a snail-covered altar of Cheibriados.
  4623 | D:6      | Reached skill level 6 in Maces & Flails
  4623 | D:6      | Reached skill level 5 in Armour
  4623 | D:6      | Gained mutation: Your touch may inflict irresistible damage
                  | on your foes. [demonic ancestry]
  4623 | D:6      | Reached XP level 8. HP: 57/61 MP: 8/8
  4794 | D:6      | Found a staircase to the Ecumenical Temple.
  4813 | Temple   | Entered the Ecumenical Temple
  5149 | D:6      | Reached skill level 5 in Fighting
  5456 | D:7      | Reached ** piety under Jiyva
  5642 | D:7      | Found a blossoming altar of Fedhas.
  5647 | D:7      | Found an ornate altar of the Wu Jian Council.
  5650 | D:7      | Found an iron altar of Okawaru.
  5708 | D:7      | Found Roejanen's Retail Resort.
  5776 | D:7      | Gained mutation: You are surrounded by a moderate repulsion
                  | field. (EV +3) [demonic ancestry]
  5776 | D:7      | Reached XP level 9. HP: 68/68 MP: 9/9
  5817 | D:7      | Reached skill level 7 in Maces & Flails
  6286 | D:7      | Reached skill level 1 in Stealth
  6741 | D:8      | Reached *** piety under Jiyva
  6766 | D:8      | Gained mutation: You expend magic power (3 MP) to
                  | strengthen your wands. [Jiyva's grace]
  6766 | D:8      | Gained mutation: Armour fits poorly on your pseudopods.
                  | [Jiyva's grace]
  6766 | D:8      | Gained mutation: Armour fits poorly on your large
                  | pseudopods. [Jiyva's grace]
  6766 | D:8      | Gained mutation: Armour fits poorly on your massive
                  | pseudopods. [Jiyva's grace]
  6767 | D:8      | Lost mutation: You expend magic power (3 MP) to strengthen
                  | your wands. [potion of mutation]
  6767 | D:8      | Lost mutation: Armour fits poorly on your massive
                  | pseudopods. [potion of mutation]
  6767 | D:8      | Gained mutation: You are partially covered in large bone
                  | plates. (SH +4) [potion of mutation]
  6767 | D:8      | Gained mutation: You are dopey. (Int -2) [potion of
                  | mutation]
  6768 | D:8      | Lost mutation: You are partially covered in large bone
                  | plates. (SH +4) [potion of mutation]
  6768 | D:8      | Lost mutation: You are dopey. (Int -2) [potion of mutation]
  6768 | D:8      | Lost mutation: Armour fits poorly on your large pseudopods.
                  | [potion of mutation]
  6768 | D:8      | Gained mutation: You occasionally lose the ability to read
                  | scrolls when taking damage. [potion of mutation]
  6769 | D:8      | Lost mutation: You occasionally lose the ability to read
                  | scrolls when taking damage. [potion of mutation]
  6769 | D:8      | Lost mutation: Armour fits poorly on your pseudopods.
                  | [potion of mutation]
  6769 | D:8      | Gained mutation: You are strong-willed. (Will+) [potion of
                  | mutation]
  6769 | D:8      | Gained mutation: You occasionally lose the ability to read
                  | scrolls when taking damage. [potion of mutation]
  6769 | D:8      | Gained mutation: You have an increased reservoir of magic.
                  | (+10% MP) [potion of mutation]
  6770 | D:8      | Lost mutation: You have an increased reservoir of magic.
                  | (+10% MP) [potion of mutation]
  6770 | D:8      | Lost mutation: You are strong-willed. (Will+) [potion of
                  | mutation]
  6770 | D:8      | Lost mutation: You occasionally lose the ability to read
                  | scrolls when taking damage. [potion of mutation]
  6770 | D:8      | Gained mutation: You are clumsy. (Dex -2) [potion of
                  | mutation]
  6770 | D:8      | Gained mutation: You have a pair of small horns on your
                  | head. [potion of mutation]
  6770 | D:8      | Gained mutation: Your spells are a little easier to cast,
                  | but a little less powerful. [potion of mutation]
  6770 | D:8      | Gained mutation: You are resistant to electric shocks.
                  | (rElec) [potion of mutation]
  7092 | D:8      | Reached skill level 8 in Maces & Flails
  7165 | D:8      | Found a staircase to the Lair.
  7474 | D:9      | Reached XP level 10. HP: 43/76 MP: 10/10
  7589 | D:9      | Found a radiant altar of Vehumet.
  7600 | D:9      | Found an ancient bone altar of Kikubaaqudgha.
  7601 | D:9      | Found a shimmering blue altar of Sif Muna.
  7606 | D:9      | Got Sif Muna's Compilation of Rallying
  7631 | D:9      | Reached **** piety under Jiyva
  7900 | D:9      | Noticed Grum
  7935 | D:9      | Killed Grum
  8058 | D:10     | Entered Level 10 of the Dungeon
  8058 | D:10     | Found a flagged portal.
  8060 | D:10     | Reached ***** piety under Jiyva
  8066 | Bailey   | Entered a bailey
  8101 | Bailey   | Reached skill level 9 in Maces & Flails
  8109 | Bailey   | Noticed an orc knight
  8126 | Bailey   | Killed an orc knight
  8187 | Bailey   | Noticed a soul eater
  8207 | Bailey   | Reached skill level 5 in Dodging
  8239 | Bailey   | Found an iron altar of Okawaru.
  8239 | Bailey   | Noticed an orc sorcerer
  8249 | Bailey   | Killed an orc sorcerer
  8463 | Bailey   | Acquired a manual of Dodging
  8584 | D:10     | Found Qustri's Weapon Shop.
  8586 | D:10     | Found a staircase to the Orcish Mines.
  8600 | D:10     | Reached skill level 10 in Maces & Flails
  8775 | D:10     | Found an opulent altar of Gozag.
  8781 | D:10     | Lost mutation: You have a pair of small horns on your head.
                  | [Jiyva's grace]
  8781 | D:10     | Lost mutation: You are clumsy. (Dex -2) [Jiyva's grace]
  8781 | D:10     | Gained mutation: You are covered in slimy tendrils that may
                  | disarm your opponents. [Jiyva's grace]
  8781 | D:10     | Gained mutation: A frigid envelope surrounds you and
                  | freezes all who hurt you. [Jiyva's grace]
  8781 | D:10     | Gained mutation: You possess an exceptional clarity of
                  | mind. [Jiyva's grace]
  8781 | D:10     | Gained mutation: Your natural rate of healing is unusually
                  | fast. [Jiyva's grace]
  9171 | D:11     | Noticed a two-headed ogre
  9172 | D:11     | Gained mutation: Your touch may irresistibly damage your
                  | foes and sap their willpower. [demonic ancestry]
  9172 | D:11     | Reached XP level 11. HP: 65/84 MP: 11/11
  9182 | D:11     | Noticed a two-headed ogre
  9205 | D:10     | Killed a two-headed ogre
  9219 | D:11     | Killed a two-headed ogre
  9240 | D:11     | Noticed Nergalle
  9248 | D:11     | Killed Nergalle
  9340 | D:11     | Noticed a two-headed ogre
  9348 | D:11     | Killed a two-headed ogre
  9381 | D:11     | Noticed a boulder beetle
  9394 | D:11     | Killed a boulder beetle
  9395 | D:11     | Reached skill level 11 in Maces & Flails
  9499 | D:11     | Noticed Josephine
  9504 | D:11     | Killed Josephine
  9505 | D:11     | Reached skill level 10 in Armour
  9531 | D:12     | Noticed a tengu warrior
  9539 | D:11     | Killed a tengu warrior
  9657 | D:12     | Noticed a six-headed hydra
  9660 | D:12     | Killed a six-headed hydra
  9865 | D:12     | Noticed a +0 hand axe
  9865 | D:12     | Noticed a +0 hand axe
  9867 | D:12     | Found a hide-covered altar of Uskayaw.
  9947 | D:12     | Identified the +1 leather armour of Resonant Birdsong
                  | {Dex+2}
 10247 | D:13     | Found Rafer's General Store.
 10251 | D:13     | Noticed a boulder beetle
 10252 | D:13     | Reached XP level 12. HP: 93/93 MP: 12/12
 10259 | D:13     | Killed a boulder beetle
 10270 | D:13     | Noticed a centaur warrior
 10369 | D:13     | Noticed Kirke
 10383 | D:13     | Noticed Sonja
 10398 | D:12     | Killed Kirke
 10399 | D:12     | Reached skill level 12 in Maces & Flails
 10455 | D:13     | Killed Sonja
 10486 | D:13     | Found a gate leading to a gauntlet.
 10490 | D:13     | Found a transporter.
 10494 | Gauntlet | Entered a Gauntlet
 10494 | Gauntlet | Found a transporter.
 10494 | Gauntlet | Found a transporter.
 10501 | Gauntlet | Found a transporter.
 10507 | Gauntlet | Found a transporter.
 10509 | Gauntlet | Found a transporter.
 10538 | Gauntlet | Found a transporter.
 10541 | Gauntlet | Found a transporter.
 10605 | Gauntlet | Found a transporter.
 10607 | Gauntlet | Found a transporter.
 10607 | Gauntlet | Reached ****** piety under Jiyva
 10607 | Gauntlet | Found a transporter.
 10623 | Gauntlet | Slain by a red devil

Illustrated notes

Levels and vault maps discovered:
D:1:      amcnicky_arrival_underground_garden, layout_loops_ring, serial_shops,
          nicolae_shop_hallway_stairs
D:2:      minmay_alternating_diamond, layout_basic, hangedman_glass_garden,
          uniq_jessica
D:3:      layout_rooms
D:4:      layout_gridville, serial_shops, nicolae_diamond_shop
D:5:      layout_loops_ring, mainiacjoe_overflow_alcove_2,
          cheibrodos_sewer_entry_bend, nicolae_ossuary_entry_giza,
          kennysheep_boxes
D:6:      layout_basic, minmay_temple_entry_mist
D:7:      layout_basic, minmay_overflow_temple_star_quad,
          nicolae_alphabet_shops, minmay_misc_feat_tower,
          kennysheep_generic_room_8
D:8:      layout_loops_corners, lair_entry_dummy, grunt_ministairs_5
D:9:      layout_small_grid, grunt_temple_overflow_magic_moments, uniq_grum
D:10:     layout_long_grid, grunt_gozag_statues, orc_david_3, enter_bailey_2
D:11:     layout_rooms, uniq_josephine, uniq_nergalle
D:12:     layout_basic, serial_rivers, chequers_serial_rivers_small_b,
          chequers_serial_rivers_room_b, chequers_serial_rivers_room_b,
          chequers_serial_rivers_room_a, chequers_serial_rivers_micro_c,
          dancing_weapons_uskayaw
D:13:     gammafunk_dig_for_victory, layout_rooms, david_vaults_4,
          gauntlet_entry_generic, serial_shops, shop, serial_ice, serial_ice_b,
          serial_ice_f, serial_ice_j, serial_ice_e, serial_ice_n, serial_ice_d,
          serial_ice_g, serial_ice_m, eino_tiny_chamber,
          hellmonk_guarded_unrand_cigotuvi, uniq_kirke, uniq_sonja
Temple:   compressed_dpeg_circular_temple
Gauntlet: gammafunk_gauntlet_mixed_choke_point
          [minmay_gauntlet_arena_77_chump_sandwich,
          minmay_gauntlet_arena_77_radiant_squares,
          minmay_gauntlet_arena_77_block_sizes, nicolae_gauntlet_arena_t_cross,
          minmay_gauntlet_arena_77_mirror, minmay_gauntlet_arena_77_shame_cube,
          minmay_gauntlet_arena_77_double_cross,
          nicolae_gauntlet_exit_dead_adventurers]

Skill      XL: |  1  2  3  4  5  6  7  8  9 10 11 12 |
---------------+-------------------------------------+-----
Armour         | 3 4 5 6 7 8 10 11 | 11.1
Maces & Flails | 2 3 4 5 6 8 10 11 12 | 12.3
Shields        | 3 |  3.4
Fighting       | 4 5 6 7 8 |  8.7
Dodging        | 1 3 4 5 6 7 |  7.0
Stealth        | 1 2 |  2.7

Action                   |  1- 3 |  4- 6 |  7- 9 | 10-12 || total
-------------------------+-------+-------+-------+-------++-------
Melee: Flail             |    88 |   221 |   445 |       ||   754
       Unarmed           |       |       |     1 |       ||     1
       Morningstar       |       |       |    90 |   296 ||   386
       Touch             |       |       |    23 |    54 ||    77
       Headbutt          |       |       |     7 |    22 ||    29
       Punch             |       |       |     4 |     4 ||     8
Invok: Slimify           |       |       |       |     1 ||     1
  Use: Scroll            |       |       |     9 |     8 ||    17
       Potion            |       |       |     9 |     6 ||    15
 Stab: Distracted        |       |       |       |     1 ||     1
Armor: Scale mail        |    31 |    82 |   252 |   113 ||   478
Dodge: Dodged            |    49 |   133 |   429 |   362 ||   973
Block: Buckler           |    30 |    47 |   122 |       ||   199

Table legend: (Time is in decaauts)
 A = Elapsed time spent in this place.
 B = Non-inter-level travel time spent in this place.
 C = Inter-level travel time spent in this place.
 D = Time resting spent in this place.
 E = Time spent auto-exploring this place.
 F = Levels seen in this place.
 G = Mean time per level.
                   A        B        C        D        E       F      G
               +--------+--------+--------+--------+--------+-----+--------+
         Total |  10912 |  10377 |    535 |    154 |   7211 |  18 |  606.2 |
       Dungeon |   9566 |   9031 |    535 |     58 |   6934 |  13 |  735.8 |
        Temple |     79 |     79 |      0 |      0 |     59 |   1 |   79.0 |
         Sewer |    409 |    409 |      0 |     80 |    117 |   1 |  409.0 |
       Ossuary |    224 |    224 |      0 |      0 |      0 |   1 |  224.0 |
        Bailey |    500 |    500 |      0 |     16 |    100 |   1 |  500.0 |
      Gauntlet |    131 |    131 |      0 |      0 |      0 |   1 |  131.0 |
               +--------+--------+--------+--------+--------+-----+--------+

Top non-repeatable levels by time:
     D:7: 1066 daAuts
     D:8: 976 daAuts
     D:5: 939 daAuts
     D:6: 937 daAuts
    D:12: 881 daAuts
     D:1: 860 daAuts
     D:4: 829 daAuts
     D:2: 774 daAuts
     D:9: 596 daAuts
    D:10: 553 daAuts
     D:3: 544 daAuts
  Bailey: 500 daAuts
    D:11: 496 daAuts
   Sewer: 409 daAuts
 Ossuary: 224 daAuts
